 Dungeon Crawl Stone Soup version 0.17-a0-1753-g75d4604 (webtiles) character file.

464 Rationalist the Skirmisher (level 7, -1/66 HPs)
             Began as a Naga Berserker on Sept 2, 2015.
             Was a Believer of Trog.
             Slain by an ufetubus (2 damage)
             ... summoned by Eustachio
             ... on level 4 of the Dungeon.
             The game lasted 00:05:36 (3457 turns).

Rationalist the Skirmisher (Naga Berserker)         Turns: 3457, Time: 00:05:37

Health: -1/66      AC:  3    Str: 24    XL:     7   Next: 8%
Magic:  7/7        EV: 11    Int:  8    God:    Trog [**....]
Gold:   184        SH:  0    Dex: 12    Spells: 0 memorised, 6 levels left

rFire  . . .     SeeInvis +     a - +0 hand axe
rCold  + . .     Clarity  .     b - +0 animal skin
rNeg   . . .     SustAt   .     (no shield)
rPois  +         Gourm    .     (no helmet)
rElec  .         Spirit   .     (no cloak)
rCorr  .         Warding  .     (no gloves)
rMut   .         Stasis   .     (no barding)
MR     .....                    (no amulet)
Stlth  ++........               q - ring of ice
                                j - ring of protection from fire

@: mighty, exhausted, hasted, quick, not resistant to hostile enchantments,
unstealthy
A: see invisible, deformed body, poison resistance, slowness 2, slow metabolism
1, spit poison 2, AC +2
a: Spit Poison, Burn Spellbooks, Berserk, Trog's Hand, Renounce Religion


You were on level 4 of the Dungeon.
You worshipped Trog.
Trog was pleased with you.
You were very hungry.

You visited 1 branch of the dungeon, and saw 4 of its levels.

You collected 184 gold pieces.

Inventory:

Hand weapons
 a - a +0 hand axe (weapon)
Missiles
 m - 20 sling bullets
 t - 13 bolts
Armour
 b - a +0 animal skin (worn)
 l - a cursed +0 chain mail
Jewellery
 j - a ring of protection from fire (left hand)
 q - a ring of ice (right hand)
Magical devices
 z - a wand of digging (6)
Scrolls
 c - 3 scrolls of identify {unknown}
 d - a scroll of immolation {unknown}
 e - a scroll of recharging {unknown}
 f - a scroll of amnesia {unknown}
 g - 3 scrolls of teleportation {unknown}
 h - a scroll of enchant armour {unknown}
 n - a scroll of magic mapping {unknown}
 p - 2 scrolls of enchant weapon {unknown}
 x - a scroll of fear {unknown}
 y - 3 scrolls of remove curse {unknown}
 B - a scroll of fog {unknown}
 D - a scroll of random uselessness {unknown}
Potions
 r - a potion of cancellation {unknown}
 u - a potion of lignification {unknown}
 v - a potion of agility {unknown}
 A - a potion of resistance {unknown}
Comestibles
 o - 2 meat rations
 w - 2 bread rations
 C - a chunk of flesh


   Skills:
 + Level 4.4 Fighting
 + Level 4.1 Axes
 + Level 1.6 Armour
 + Level 4.4 Dodging
 + Level 3.4 Stealth


You had 6 spell levels left.
You didn't know any spells.

Dungeon Overview and Level Annotations

Branches:
Dungeon (4/15)             Temple (0/1) D:4

Altars:
Dithmenos
Zin

Shops:
D:4 }

Annotations:
D:4 Eustachio


Innate Abilities, Weirdness & Mutations

You cannot wear boots.
Your serpentine skin is tough (AC +2).
You have supernaturally acute eyesight.
Armour fits poorly on your strangely shaped body.
Your system is resistant to poisons.
You cover ground very slowly.
You have a slow metabolism.
You can spit poison.


Message History

Unknown command.
You feel yourself speed up. The ufetubus hits you.
* * * LOW HITPOINT WARNING * * *
The ufetubus hits you.
* * * LOW HITPOINT WARNING * * *
The ufetubus hits you but does no damage. x2
The ufetubus barely misses you. The ufetubus closely misses you.
Eustachio casts a spell.
Eustachio blinks!
The ufetubus misses you. The ufetubus hits you.
* * * LOW HITPOINT WARNING * * *
Eustachio gestures wildly while chanting.
Eustachio blinks!
Drink which item? (? for menu, Esc to quit)
It was a potion of haste.
You feel yourself speed up. The ufetubus hits you.
* * * LOW HITPOINT WARNING * * *
The ufetubus barely misses you.
The ufetubus hits you but does no damage.
The ufetubus hits you.
You die...

###.........## ##...#####
# #.........# #######
##...#... #........##
##.....######)...>.
#........#
#..........###.....
#.......##
##............##..##
......
#.............###... .....
#.............#...##
#..######5...............#
#........5@.@............#
#........5...........##..#
.
#....#######.............#
. #........#
###...........# .
+...%.....# ##...........
#...........
...........#..
...#...........
........#####.
#####...........
#...........


You could see Eustachio, an iron imp and 2 ufetubi.

Vanquished Creatures
  Sigmund (D:2)
  Edmund (D:4)
  A giant frog skeleton (D:4)
  A hound (D:4)
  A gnoll (D:1)
  5 adders
  An ooze (D:2)
  2 worms
  7 giant geckos
  4 orcs (D:3)
  4 hobgoblins
  2 jackals
  7 kobolds
  A quokka (D:3)
  10 bats
  3 giant cockroaches
  4 giant newts
  7 goblins
  9 rats
71 creatures vanquished.

Notes
Turn   | Place    | Note
--------------------------------------------------------------
     0 | D:1      | Rationalist the Naga Berserker began the quest for the Orb.
     0 | D:1      | Reached XP level 1. HP: 21/21 MP: 1/1
   141 | D:1      | Reached XP level 2. HP: 24/28 MP: 2/2
   668 | D:1      | Acquired Trog's second power
   963 | D:1      | Reached XP level 3. HP: 21/34 MP: 3/3
  1427 | D:2      | Reached skill level 1 in Stealth
  1534 | D:2      | Noticed Sigmund
  1558 | D:2      | Killed Sigmund
  1558 | D:2      | Reached skill level 4 in Fighting
  1558 | D:2      | Reached XP level 4. HP: 18/44 MP: 4/4
  1558 | D:2      | Reached XP level 5. HP: 20/50 MP: 5/5
  1771 | D:2      | Found a glowing silver altar of Zin.
  2054 | D:3      | Found a faded altar to an unknown god.
  2226 | D:3      | Reached XP level 6. HP: 42/57 MP: 6/6
  3082 | D:4      | Found Qohaot's Gadget Emporium.
  3082 | D:4      | Found a shadowy altar of Dithmenos.
  3350 | D:4      | Noticed Edmund
  3354 | D:4      | Found a staircase to the Ecumenical Temple.
  3369 | D:4      | Killed Edmund
  3387 | D:4      | Reached XP level 7. HP: 29/66 MP: 7/7
  3428 | D:4      | Noticed Eustachio
  3449 | D:4      | HP: 1/66 [Eustachio/rapier (7)]
  3457 | D:4      | HP: 1/66 [ufetubus[Eustachio] (5)]
  3457 | D:4      | Slain by an ufetubus

Vault maps used:
D:1:      evilmike_arrival_crescent
D:2:      nicolae_overflow_hidden_temple, uniq_sigmund
D:3:      ecumenical_altar_1, first_bread, hangedman_decor_diamond_cutter
D:4:      kennysheep_mini, grunt_dithmenos_smoke,
          minmay_temple_entry_butterflies, serial_shops, shop, uniq_edmund,
          uniq_eustachio

Action                   |  1- 3 |  4- 6 |  7- 9 || total
-------------------------+-------+-------+-------++-------
Melee: Hand axe          |    96 |   127 |    11 ||   234
Invok: Berserk           |     4 |     2 |     1 ||     7
  Use: Potion            |       |     2 |     3 ||     5
 Stab: Sleeping          |     1 |     3 |       ||     4
  Eat: Chunk             |     2 |     3 |     1 ||     6
       Beef jerky        |     1 |       |       ||     1
       Bread ration      |       |     1 |       ||     1
